Description

AI Generated by the Protoss Build Order Engine http://www.proboengine.com/build1.html

23 Adepts with Resonating Glaives, 31 Probes, 2 Nexi, and 4 Warpgates at 4:58 at 77/78 supply.

Build Order

Get SALT Encoding   

  14  0:17  Pylon  
  16  0:37  Gateway  
  19  1:12  Assimilator  
  19  1:20  Nexus  
  20  1:32  Action 3 probes to gas  
  21  1:36  Cybernetics Core  
  22  1:48  Pylon  
  24  2:12  Warp Gate (Chrono Boost)  
  24  2:16  Gateway  
  24  2:18  Adept  
  26  2:19  Gateway  
  26  2:22  Action 4 probes to nat  
  27  2:29  Gateway  
  29  2:38  Assimilator @ Nat  
  31  2:48  Adept  
  34  2:57  Twilight Council ; 3 probes to gas  
  35  3:08  Adept  
  37  3:11  Adept  
  39  3:18  Adept x2  
  43  3:21  Pylon  
  43  3:33  Resonating Glaives  
  43  3:35  Adept  
  45  3:40  Adept  
  47  3:47  Adept  
  49  3:49  Pylon, Adept  
  51  3:56  Action Chrono Adept #8  
  51  4:05  Adept  
  53  4:13  Adept  
  55  4:16  Pylon ; Chrono Glaives & Adept #11  
  55  4:23  Adept x2  
  59  4:28  Adept  
  61  4:34  Pylon, Adept  
  63  4:36  Action Chrono Glaives & 3 Adepts  
  63  4:42  Adept x3  
  69  4:56  Adept x4  
Spawning Tool Build Advisor. Get it on Overwolf

Analysis

  • Continuous probe production up to 31 probes total, no chronos on probes, last one started at 3:00 (Main fully saturated, 9 on natural minerals)

  • 3 probes in each assimilator as soon as it finishes (I believe the timing on the AI requires this)

  • This is still a work in progress to fully optimize it. I'll try to iron out some of the details.

Go to:

Details

  • Created by: KillerFlea
  • Published on: May 17, 2020
  • Modified on: May 17, 2020
  • Patch: 4.11.0
Show
View Real Time Build Order
Export as new Build Order

Comments (2)

On May 24, 2020, 10:06 p.m., KillerFlea  said:

Hmm not sure, when I look at it it has the "Get Salt Encoding" at the top. Here's the string:

$122354|spawningtool.com||~* 0 ;, D 8/!+ 3/!4 91!C 42!O ;4"+#:4"/ 84"1!S6"2 87"< 89"E 3;"O!S>"X @?#'!SA#*!SC#1!SC#1!SG#4 ;G#@#iG#C!SI#H!SK#N!SM#P!S

On May 24, 2020, 12:46 p.m., AtticusPrime  said:

Question: Why does the SALT code line not show?

Create an account to comment!